 Dungeon Crawl Stone Soup version 0.26.1-2-gb8aa6d0cf2 (webtiles) character file.

Game seed: 16778582108584934931

2587 Qrupt the Sneak (level 9, -5/80 HPs)
             Began as a Ghoul Monk on Feb 17, 2021.
             Was a Priest of Nemelex Xobeh.
             Slain by an orc warrior
             ... wielding a +0 short sword
              (21 damage)
             ... on level 6 of the Dungeon.
             The game lasted 00:13:32 (8601 turns).

Qrupt the Sneak (Ghoul Monk)                        Turns: 8601, Time: 00:13:33

Health: -5/80      AC:  3    Str: 16    XL:     9   Next: 58%
Magic:  8/8        EV: 15    Int:  5    God:    Nemelex Xobeh [***...]
Gold:   334        SH:  0    Dex: 13    Spells: 8/8 levels left

rFire    x . .     SeeInvis .     - Unarmed
rCold    + + .     Faith    .   (no shield)
rNeg     + + +     Spirit   .   a - +0 robe
rPois    ∞         Reflect  .   (no helmet)
rElec    .         Harm     .   i - +0 cloak
rCorr    .         Rampage  .   (no gloves)
Will     .....                  f - -1 pair of boots (curse)
Stlth    ++++......             (no amulet)
HPRegen  0.00/turn              c - ring of ice
MPRegen  0.11/turn              j - ring of wizardry

@: no status effects
A: claws 1, cold resistance 1, negative energy resistance 3, inhibited
regeneration, torment resistance, unbreathing
a: Renounce Religion, Draw Escape, Draw Destruction, Draw Summoning, Triple Draw


You were on level 6 of the Dungeon.
You worshipped Nemelex Xobeh.
Nemelex Xobeh was most pleased with you.
You visited 2 branches of the dungeon, and saw 7 of its levels.

You collected 334 gold pieces.

Inventory:

Armour
 a - a +0 robe (worn)
 f - a cursed -1 pair of boots (worn)
 i - a +0 cloak (worn)
 t - a +0 pair of boots
Jewellery
 c - a ring of ice (left claw)
 j - a ring of wizardry (right claw)
Wands
 o - a wand of flame (5)
Scrolls
 b - 6 scrolls of remove curse
 e - 7 scrolls of amnesia
 h - a scroll of fog
 m - 2 scrolls of enchant weapon
 p - 4 scrolls of teleportation
 s - a scroll of enchant armour {unknown}
Potions
 d - a potion of brilliance
 l - a potion of might {unknown}
 n - a potion of berserk rage
 q - a potion of attraction {unknown}
 r - 2 potions of heal wounds {unknown}


   Skills:
 + Level 7.7 Fighting
 + Level 6.4 Dodging
 + Level 7.9 Stealth
 + Level 7.7 Unarmed Combat


You had 8 spell levels left.
You didn't know any spells.
Your spell library contained the following spells:

 Spells                   Type           Power        Failure   Level
 Beastly Appendage        Tmut           Unusable     N/A         1
 Wereblood                Tmut           Unusable     N/A         2
 Spider Form              Tmut/Pois      Unusable     N/A         3
 Ice Form                 Ice/Tmut       Unusable     N/A         4
 Blade Hands              Tmut           Unusable     N/A         5

Dungeon Overview and Level Annotations

Branches:
Dungeon (6/15)             Temple (1/1) D:4

Altars:
Ashenzari
Cheibriados
Dithmenos
Elyvilon
Fedhas
Gozag
Hepliaklqana
Makhleb
Nemelex Xobeh
Okawaru
Qazlal
Ru
Sif Muna
Trog
Uskayaw
Vehumet
Wu Jian
Xom
Yredelemnul
Zin
The Shining One

Shops:
D:6 *

Annotations:
D:6 3 runed translucent doors, Groucho's ghost, novice SpEn


Innate Abilities, Weirdness & Mutations

You thrive by killing the living.
You are immune to poison.
You have sharp fingernails.
Your flesh is cold resistant. (rC+)
You are immune to negative energy. (rN+++)
You do not regenerate when monsters are visible.
You are immune to unholy pain and torment.
You can survive without breathing.


Message History

The puff of flame misses the orc warrior.
The orc hits your -2 quarterstaff of Perfectionism {protect, Stlth+} but does no damage.
Your -2 quarterstaff of Perfectionism {protect, Stlth+} hits the orc.
You feel better.
The orc hits your -2 quarterstaff of Perfectionism {protect, Stlth+} with a +0 whip.
The orc warrior hits you with a +0 short sword!
* * * LOW HITPOINT WARNING * * *
Your -2 quarterstaff of Perfectionism {protect, Stlth+} hits the orc but does no damage.
You feel better.
The orc hits your -2 quarterstaff of Perfectionism {protect, Stlth+} but does no damage.
The orc warrior hits you with a +0 short sword!
* * * LOW HITPOINT WARNING * * *
Your -2 quarterstaff of Perfectionism {protect, Stlth+} hits the orc!
The orc dies!
You feel better. The orc warrior barely misses you. The orc closely misses you.
Your -2 quarterstaff of Perfectionism {protect, Stlth+} disappears in a puff of smoke!
The orc warrior barely misses you.
The orc warrior hits you with a +0 short sword!!
You die...
Your body disappears without a glow.

.........#......#.....#......#
.........#......#.....#......#
.##.....##......+.....#......#
.##.....##......#.....#......#
.##.....##......#.....#'#######
.##.....##......#......)......#
........#.......#.............#
........#.......#.............#
........#.......@o............#
.........#......#o............#
.####+##.########.............#
.#.......# ###############
.#.......# .#.......#
.#.......# ## .#.......####
#.###### .#..........# ......#


You could see an orc warrior and an orc.

Vanquished Creatures
  Pikel (D:4)
  Menkaure (D:4)
  An ice beast (D:6)
  A necrophage (D:6)
  A phantom (D:5)
  2 sky beasts
  2 ogres
  A centaur (D:5)
  2 lemures (D:4)
  3 bullfrogs (D:6)
  A water moccasin zombie (D:5)
  A scorpion (D:5)
  6 killer bees (D:6)
  An orc priest (D:3)
  A hound (D:4)
  5 orc wizards
  A centaur skeleton (D:6)
  Ijyb (D:4)
  7 worker ants
  A hound skeleton (D:5)
  A worker ant zombie (D:6)
  11 gnolls
  5 adders
  2 white imps (D:5)
  3 oozes
  2 adder zombies (D:5)
  5 worms
  3 dart slugs
  5 leopard geckos
  17 orcs
  5 giant cockroaches
  2 goblins
  2 hobgoblins
  20 jackals
  2 quokkas
  6 bats
  5 frilled lizards
  8 kobolds
  9 rats
153 creatures vanquished.

Vanquished Creatures (collateral kills)
  An orc (D:6)
1 creature vanquished.

Grand Total: 154 creatures vanquished

Notes
Turn   | Place    | Note
-------+----------+-------------------------------------------
     0 | D:1      | Qrupt the Ghoul Monk began the quest for the Orb.
     0 | D:1      | Reached XP level 1. HP: 19/19 MP: 0/0
   160 | D:1      | Reached XP level 2. HP: 17/26 MP: 1/1
   402 | D:1      | Reached XP level 3. HP: 28/31 MP: 2/2
  1541 | D:2      | Found an iron altar of Okawaru.
  1547 | D:2      | Found a radiant altar of Vehumet.
  1552 | D:2      | Found a bloodstained altar of Trog.
  1770 | D:2      | Reached XP level 4. HP: 36/40 MP: 3/3
  2952 | D:3      | Reached XP level 5. HP: 46/46 MP: 4/4
  2962 | D:3      | Found a sacrificial altar of Ru.
  3353 | D:3      | Found a snail-covered altar of Cheibriados.
  3771 | D:4      | Found a staircase to the Ecumenical Temple.
  3771 | D:4      | Noticed Ijyb
  3814 | D:4      | Reached XP level 6. HP: 35/53 MP: 5/5
  3960 | D:4      | Killed Ijyb
  4684 | D:4      | Noticed Menkaure
  4692 | D:4      | Killed Menkaure
  4693 | D:4      | Reached skill level 5 in Unarmed Combat
  4918 | Temple   | Entered the Ecumenical Temple
  5193 | Temple   | Became a worshipper of Nemelex Xobeh the Trickster
  5193 | Temple   | Reached * piety under Nemelex Xobeh
  5193 | Temple   | Received a gift from Nemelex Xobeh
  5193 | Temple   | Reached ** piety under Nemelex Xobeh
  5236 | D:4      | Reached skill level 5 in Fighting
  5236 | D:4      | Reached XP level 7. HP: 49/61 MP: 6/6
  5346 | D:4      | Noticed Pikel
  5783 | D:4      | Found a glowing silver altar of Zin.
  5849 | D:4      | Killed Pikel
  5850 | D:4      | Reached skill level 5 in Stealth
  5850 | D:4      | Reached XP level 8. HP: 19/70 MP: 7/7
  6092 | D:5      | Entered Level 5 of the Dungeon
  6143 | D:5      | Found an opulent altar of Gozag.
  6172 | D:5      | Reached skill level 5 in Dodging
  7592 | D:6      | Found a basalt altar of Yredelemnul.
  7593 | D:6      | Found a glowing golden altar of the Shining One.
  7593 | D:6      | Found a burning altar of Makhleb.
  7684 | D:6      | Reached XP level 9. HP: 78/78 MP: 8/8
  7724 | D:6      | Found Zashrit's Assorted Antiques.
  8462 | D:6      | Reached *** piety under Nemelex Xobeh
  8463 | D:6      | Found a runed translucent gate.
  8463 | D:6      | Found a runed translucent gate.
  8463 | D:6      | Found a runed translucent gate.
  8464 | D:6      | Noticed Groucho's ghost (novice SpEn)
  8586 | D:6      | Identified the -2 quarterstaff of Perfectionism {protect,
                  | Stlth+}
  8594 | D:6      | HP: 4/80 [orc warrior/+0 short sword (14)]
  8601 | D:6      | Slain by an orc warrior

Illustrated notes

Levels and vault maps discovered:
D:1:      dpeg_arrival_simpleton_c, layout_basic, minmay_door_square
D:2:      layout_basic, minmay_overflow_temple_star_quad, hangedman_decor_push
D:3:      layout_loops_cross, kennysheep_slug_shrine, general_overflow_altar,
          chequers_serial_rivers_room_a
D:4:      layout_loops_ring, zin_treasury, minmay_temple_entry_large_hall,
          uniq_pikel, uniq_ijyb, uniq_menkaure
D:5:      layout_loops_ring, nicolae_overflow_crystal_walls, minmay_starry_boxes
D:6:      layout_gridville, grunt_temple_overflow_open,
          gammafunk_ghost_necromancy, serial_shops, nicolae_shop_stone
Temple:   grunt_temple_mini_profane

Skill      XL: |  1  2  3  4  5  6  7  8  9 |
---------------+----------------------------+-----
Dodging        | 3 4 5 6 |  6.4
Stealth        | 3 4 5 7 |  7.9
Fighting       | 4 5 6 7 |  7.7
Unarmed Combat | 4 5 6 7 |  7.7

Action                   |  1- 3 |  4- 6 |  7- 9 || total
-------------------------+-------+-------+-------++-------
Melee: Unarmed           |   121 |   203 |   307 ||   631
       Punch             |       |     5 |     8 ||    13
Invok: Draw Destruction  |       |     1 |     1 ||     2
       Draw Escape       |       |       |     2 ||     2
       Draw Summoning    |       |       |     1 ||     1
Evoke: Wand              |       |       |     3 ||     3
  Use: Potion            |       |     3 |     4 ||     7
       Scroll            |       |       |     7 ||     7
 Stab: Sleeping          |     4 |     9 |    14 ||    27
       Invisible         |       |       |     1 ||     1
Armor: Robe              |    21 |    36 |    38 ||    95
Dodge: Dodged            |    79 |   154 |   222 ||   455
